 Dungeon Crawl Stone Soup version 0.18-a0-1526-gcb34c7c (webtiles) character file.

11026 dvd the Grappler (level 11, -1/97 HPs)
             Began as a Ghoul Monk on Mar 8, 2016.
             Was a High Priest of Qazlal.
             Slain by a thrashing horror (12 damage)
             ... on level 2 of the Abyss.
             The game lasted 00:43:53 (9729 turns).

dvd the Grappler (Ghoul Monk)                       Turns: 9729, Time: 00:43:53

Health: -1/97      AC: 20    Str: 18 (19) XL:     11   Next: 71%
Magic:  11/11      EV: 11    Int:  4 (5)  God:    Qazlal [*****.]
Gold:   309        SH:  6    Dex: 19      Spells: 0 memorised, 10 levels left

rFire  . . .     SeeInvis +       - Unarmed
rCold  + . .     Gourm    .     V - +4 scale mail
rNeg   + + +     Faith    .     (no shield)
rPois  ∞         Spirit   .     m - +1 helmet
rElec  .         Dismiss  .     A - +2 cloak
rCorr  .         Reflect  .     (no gloves)
SustAt .         Harm     .     (no boots)
MR     .....                    (no amulet)
Stlth  +.........               q - +5 ring of dexterity
                                R - ring "Toulioz" {Dex+3 SInv}

@: protected from physical damage, very slightly contaminated, rotting, repel
missiles, not resistant to hostile enchantments, very unstealthy
A: rotting body, claws 1, carnivore 3, cold resistance 1, negative energy
resistance 3, slow regeneration 1, torment resistance, unbreathing
a: Upheaval, Elemental Force, Disaster Area, Renounce Religion


You were on level 2 of the Abyss.
You worshipped Qazlal.
Qazlal was extremely pleased with you.
You were not hungry.

You visited 2 branches of the dungeon, and saw 11 of its levels.
You visited the Abyss 1 time.
You also visited: Sewer and Ossuary.

You collected 557 gold pieces.
You spent 248 gold pieces at shops.

Inventory:

Hand Weapons
 e - the +6 scimitar "Wich" {distort, Str-5 Int+6 Dex+2 Stlth+}
   (You found it on level 10 of the Dungeon)

   It warps and distorts space around it.
   Unwielding it can cause banishment or high damage.
   It affects your strength (-5).
   It affects your intelligence (+6).
   It affects your dexterity (+2).
   It makes you more stealthy.
 H - the +5 whip of Dismemberment {flame, Dex+2}
   (You found it on level 10 of the Dungeon)

   It has been specially enchanted to burn those struck by it, causing extra
   injury to most foes and up to half again as much damage against particularly
   susceptible opponents.
   It affects your dexterity (+2).
 I - a +3 quarterstaff of chaos
 J - the +8 mace of Optimality {antimagic, rPois rN++ MR- Str-4}
   (You found it on level 5 of the Dungeon)

   It disrupts the flow of magical energy around spellcasters and certain
   magical creatures (including the wielder).
   It affects your strength (-4).
   It protects you from poison.
   It greatly protects you from negative energy.
   It affects your resistance to hostile enchantments.
 L - the +12 mace of Equilibrium {freeze, rPois rC+ Dex+4}
   (You found it on level 5 of the Dungeon)

   It has been specially enchanted to freeze those struck by it, causing extra
   injury to most foes and up to half again as much damage against particularly
   susceptible opponents.
   It can also slow down cold-blooded creatures.
   It affects your dexterity (+4).
   It protects you from cold.
   It protects you from poison.
Missiles
 r - 23 tomahawks
 M - 3 poisoned tomahawks (quivered)
Armour
 l - the +1 robe "Vicutu" {+Inv rC- Dex+4}
   (You found it on level 4 of the Dungeon)

   It affects your dexterity (+4).
   It makes you vulnerable to cold.
   It lets you turn invisible.
 m - a +1 helmet (worn)
 u - a +3 leather armour
 A - a +2 cloak (worn)
 E - a +1 leather armour of fire resistance
 V - a +4 scale mail (worn)
Jewellery
 j - an uncursed ring of stealth
 q - a +5 ring of dexterity (right claw)
 w - an uncursed ring of resist corrosion
 N - an uncursed ring of protection from cold
 O - an uncursed amulet of harm
 R - the ring "Toulioz" (left claw) {Dex+3 SInv}
   (You bought it in a shop on level 8 of the Dungeon)

   [ring of see invisible]

   It affects your dexterity (+3).
   It lets you see invisible.
Wands
 a - a wand of lightning (4/15)
 y - a wand of random effects (48/48)
 C - a wand of teleportation (3/9)
 P - a wand of iceblast (3/15)
 S - a wand of digging (10/24)
Scrolls
 c - 3 scrolls of enchant weapon
 d - 2 scrolls of teleportation
 f - 3 scrolls of magic mapping
 g - 8 scrolls of remove curse
 k - 12 scrolls of identify
 o - 3 scrolls of enchant armour
 x - 2 scrolls of blinking
 T - a scroll of immolation {unknown}
 U - a scroll of recharging
Potions
 h - a potion of invisibility
 p - 3 potions of flight
 t - 4 potions of might
 v - 3 potions of haste
 D - a potion of brilliance
 F - 3 potions of agility
 G - 3 potions of curing
 Q - a potion of resistance {unknown}
Books
 i - a book of Party Tricks

   Spells                             Type                      Level
   a - Summon Butterflies             Summoning                    1
   b - Apportation                    Translocation                1
   c - Tukima's Dance                 Hexes                        3
   d - Alistair's Intoxication        Transmutation/Poison         5
   e - Invisibility                   Hexes                        6
 B - a book of Conjurations

   Spells                             Type                      Level
   a - Magic Dart                     Conjuration                  1
   b - Searing Ray                    Conjuration                  2
   c - Dazzling Spray                 Conjuration/Hexes            3
   d - Fulminant Prism                Conjuration/Hexes            4
   e - Iskenderun's Mystic Blast      Conjuration                  4
   f - Iskenderun's Battlesphere      Conjuration/Charms           5
 K - a book of Unlife

   Spells                             Type                      Level
   a - Recall                         Summoning/Translocation      3
   b - Animate Dead                   Necromancy                   4
   c - Control Undead                 Necromancy                   4
   d - Cigotuvi's Embrace             Necromancy                   5
   e - Death Channel                  Necromancy                   6
   f - Simulacrum                     Ice/Necromancy               6
Comestibles
 b - 11 meat rations
 s - 5 chunks of flesh
 z - a beef jerky


   Skills:
 + Level 9.5 Fighting
 + Level 1.5 Throwing
 + Level 5.9 Armour
 + Level 9.0 Dodging
 + Level 5.1 Stealth
 + Level 12.2 Unarmed Combat
 + Level 1.9 Invocations


You had 10 spell levels left.
You didn't know any spells.

Dungeon Overview and Level Annotations

Branches:
Dungeon (10/15)            Temple (1/1) D:6            Lair (0/8) D:8
    Orc (0/2) D:10

Altars:
Ashenzari
Cheibriados
Dithmenos
Elyvilon
Fedhas
Gozag
Kikubaaqudgha
Makhleb
Nemelex Xobeh
Okawaru
Pakellas
Qazlal
Ru
Sif Muna
Trog
Vehumet
Xom
Yredelemnul
Zin
The Shining One

Shops:
D:5 (   D:6 %   D:8 !**   D:10 }


Innate Abilities, Weirdness & Mutations

Your body is rotting away.
You thrive on raw meat.
You are immune to poison.
You have sharp fingernails.
You are carnivorous and can eat meat at any time.
Your flesh is cold resistant.
You are immune to negative energy.
You regenerate slowly when monsters are visible.
You are immune to unholy pain and torment.
You can survive without breathing.


Message History

The thrashing horror barely misses you. The thrashing horror misses you.
The thrashing horror is engulfed in roaring flames.
The thrashing horror roars!
The thrashing horror is engulfed in roaring flames.
The thrashing horror is struck by lightning.
The thrashing horror tramples you but does no damage.
You block the thrashing horror's attack.
The thrashing horror tramples you but does no damage.
You block the thrashing horror's attack.
You hear a shout!
The thrashing horror barely misses you.
You block the thrashing horror's attack.
Found a gateway leading out of the Abyss.
You block the thrashing horror's attack.
The thrashing horror closely misses you.
The thrashing horror roars!
There is a gateway leading out of the Abyss here.
The thrashing horror is engulfed in freezing vapours.
The thrashing horror tramples you!
You die...

### #.# .#.# ..# #
#.# ..# #..#
#.#.##..###. #. .
.#...#.... ....
.....#.## ##
###..###.......#.# #
. . #...#..#§§....#
..#. # ## #..#X§#.#
###§###..#.#.§§@..#
##.......#..#..#..##
....##...§.#.#.####
.§. .§...#.##...
.X..#. .#.....# .
.#......#.....#
.#.#.#.##.....### !
.# #.#.##.#... §..
.#... #.#..


You could see a thrashing horror.

Vanquished Creatures
  2 hill giants
  A large abomination (Abyss:2)
  Psyche (D:10)
  2 trolls (D:9)
  2 two-headed ogres
  A boulder beetle (D:8)
  3 basilisks
  12 yaks
  2 hippogriffs (D:9)
  A hungry ghost (D:8)
  Menkaure (D:4)
  2 porcupines (D:8)
  A water moccasin (D:9)
  Duvessa (D:4)
  2 sky beasts
  5 black bears
  5 orc warriors
  5 ogres
  2 necrophages
  A crocodile (D:8)
  8 centaurs
  2 big kobolds
  6 giant frogs
  Dowan (D:4)
  2 scorpions
  3 bog bodies (Ossuary)
  3 crimson imps
  2 starcursed masses (Abyss:2)
  2 centaur zombies (Ossuary)
  5 giant frog zombies
  A centaur skeleton (D:5)
  4 jellies
  2 giant frog skeletons
  6 orc priests
  Crazy Yiuf (D:5)
  6 hounds
  7 orc wizards
  2 iguanas
  4 worker ants
  A killer bee zombie (Ossuary)
  3 hound skeletons
  3 hound zombies
  12 mummies (Ossuary)
  2 worker ant zombies (D:5)
  Robin (D:2)
  7 gnolls
  9 adders
  4 river rats (D:8)
  3 shadow imps
  11 oozes (Sewer)
  4 adder skeletons
  An adder zombie (Ossuary)
  2 worms
  3 dart slugs
  13 giant geckos
  35 orcs
  13 ball pythons (Sewer)
  21 giant cockroaches
  18 goblins
  5 hobgoblins
  10 jackals
  2 quokkas (D:6)
  6 bats
  A giant cockroach zombie (D:2)
  3 giant gecko zombies
  15 giant newts
  2 jackal zombies (Ossuary)
  12 kobolds
  3 quokka zombies (Ossuary)
  16 rats
  4 plants (D:8)
  2 withered plants (Ossuary)
366 creatures vanquished.

Vanquished Creatures (collateral kills)
  A basilisk (D:8)
  A crocodile (D:8)
2 creatures vanquished.

Vanquished Creatures (others)
  A lurking horror (Abyss:2)
  2 plants (D:8)
  2 withered plants (Ossuary)
5 creatures vanquished.

Grand Total: 373 creatures vanquished

Notes
Turn   | Place    | Note
--------------------------------------------------------------
     0 | D:1      | dvd the Ghoul Monk began the quest for the Orb.
     0 | D:1      | Reached XP level 1. HP: 19/19 MP: 0/0
    96 | D:1      | Reached XP level 2. HP: 24/26 MP: 1/1
   453 | D:1      | Reached XP level 3. HP: 27/32 MP: 2/2
   864 | D:2      | Noticed Robin
   914 | D:2      | Killed Robin
   929 | D:2      | Reached XP level 4. HP: 19/40 MP: 3/3
  1033 | D:2      | Reached skill level 5 in Unarmed Combat
  1402 | D:3      | Reached XP level 5. HP: 41/46 MP: 4/4
  1524 | D:3      | Found a glowing drain.
  1533 | Sewer    | Entered a sewer
  1975 | Sewer    | Reached XP level 6. HP: 53/53 MP: 5/5
  2021 | Sewer    | Reached skill level 1 in Armour
  2152 | D:3      | Reached skill level 6 in Unarmed Combat
  2343 | D:3      | Found an opulent altar of Gozag.
  2587 | D:4      | Noticed Menkaure
  2596 | D:4      | Killed Menkaure
  2596 | D:4      | Reached XP level 7. HP: 6/60 MP: 6/6
  2810 | D:4      | Reached skill level 5 in Fighting
  2856 | D:4      | Got a tattered robe
  2880 | D:4      | Identified the +1 robe "Vicutu" {+Inv rC- Dex+4} (You found it on level 4 of the Dungeon)
  3015 | D:4      | Noticed Duvessa
  3028 | D:4      | Killed Duvessa
  3029 | D:4      | Noticed Dowan
  3110 | D:4      | Reached XP level 8. HP: 63/67 MP: 7/7
  3133 | D:4      | Killed Dowan
  3133 | D:4      | Reached skill level 7 in Unarmed Combat
  3246 | D:4      | Reached skill level 5 in Dodging
  3661 | D:5      | Entered Level 5 of the Dungeon
  3664 | D:5      | Found Qotreino's Antique Weapon Boutique.
  3759 | D:5      | Found a stormy altar of Qazlal.
  3767 | D:5      | Became a worshipper of Qazlal Stormbringer
  3767 | D:5      | Reached * piety under Qazlal
  3767 | D:5      | Reached ** piety under Qazlal
  3848 | D:5      | Found a sand-covered staircase.
  3857 | Ossuary  | Entered an ossuary
  4329 | Ossuary  | Reached skill level 8 in Unarmed Combat
  4485 | D:5      | Found a shadowy altar of Dithmenos.
  4609 | D:5      | Reached XP level 9. HP: 75/77 MP: 8/8
  4919 | D:5      | Got a scorched mace
  4922 | D:5      | Identified the +8 mace of Optimality {antimagic, rPois rN++ MR- Str-4} (You found it on level 5 of the Dungeon)
  4983 | D:5      | Noticed Crazy Yiuf
  4986 | D:5      | Killed Crazy Yiuf
  4990 | D:5      | Got an encrusted mace
  4991 | D:5      | Identified the +12 mace of Equilibrium {freeze, rPois rC+ Dex+4} (You found it on level 5 of the Dungeon)
  5224 | D:6      | Found Ziunociade's Food Boutique.
  5267 | D:6      | Reached *** piety under Qazlal
  5453 | D:6      | Found a staircase to the Ecumenical Temple.
  5567 | Temple   | Entered the Ecumenical Temple
  5845 | D:6      | Found a deep blue altar of Sif Muna.
  5846 | D:6      | Found a white marble altar of Elyvilon.
  5848 | D:6      | Found a sacrificial altar of Ru.
  6043 | D:7      | Reached skill level 9 in Unarmed Combat
  6197 | D:7      | Noticed a hill giant
  6207 | D:7      | Killed a hill giant
  6207 | D:7      | Reached XP level 10. HP: 48/86 MP: 4/9
  6338 | D:7      | Reached skill level 5 in Armour
  6579 | D:8      | Reached skill level 10 in Unarmed Combat
  6641 | D:8      | Found a glowing golden altar of the Shining One.
  6643 | D:8      | Found a basalt altar of Yredelemnul.
  6653 | D:8      | Found a shattered altar of Ashenzari.
  6653 | D:8      | Found an oddly glowing altar of Pakellas.
  6794 | D:8      | Found Fapol's Assorted Antiques.
  6807 | D:8      | Bought a translucent tin ring for 140 gold pieces
  6855 | D:8      | Identified the ring "Toulioz" {Dex+3 SInv} (You bought it in a shop on level 8 of the Dungeon)
  6865 | D:8      | Found Nompuics's Distillery.
  6894 | D:8      | Reached **** piety under Qazlal
  6945 | D:8      | Found a blossoming altar of Fedhas.
  7118 | D:8      | Reached skill level 1 in Invocations
  7322 | D:8      | Reached skill level 5 in Stealth
  7378 | D:8      | Reached skill level 1 in Throwing
  7382 | D:8      | Reached skill level 11 in Unarmed Combat
  7451 | D:8      | Found a staircase to the Lair.
  7547 | D:8      | Found Kazi's Assorted Antiques.
  7550 | D:8      | Bought a runed chain mail for 108 gold pieces
  8084 | D:9      | Reached XP level 11. HP: 61/95 MP: 11/11
  8859 | D:10     | Entered Level 10 of the Dungeon
  8893 | D:10     | Noticed Psyche
  8900 | D:10     | Killed Psyche
  8911 | D:10     | Found Dolu Fooriu's Gadget Shoppe.
  9062 | D:10     | Reached ***** piety under Qazlal
  9171 | D:10     | Found a staircase to the Orcish Mines.
  9238 | D:10     | Got a fine whip
  9239 | D:10     | Identified the +5 whip of Dismemberment {flame, Dex+2} (You found it on level 10 of the Dungeon)
  9270 | D:10     | Noticed a hill giant
  9273 | D:10     | Killed a hill giant
  9273 | D:10     | Reached skill level 12 in Unarmed Combat
  9599 | D:10     | Got a crystal scimitar
  9600 | D:10     | Identified the +6 scimitar "Wich" {distort, Str-5 Int+6 Dex+2 Stlth+} (You found it on level 10 of the Dungeon)
  9601 | D:10     | Cast into level 2 of the Abyss (a distortion unwield)
  9628 | Abyss:2  | Noticed a large abomination
  9643 | Abyss:2  | Noticed a starcursed mass
  9651 | Abyss:2  | Killed a large abomination
  9652 | Abyss:2  | Paralysed by accursed screaming for 2 turns
  9664 | Abyss:2  | HP: 4/97 [starcursed mass/accursed screaming (19)]
  9666 | Abyss:2  | Noticed a thrashing horror
  9687 | Abyss:2  | Noticed a wretched star
  9690 | Abyss:2  | HP: 1/96 [thrashing horror (6)]
  9703 | Abyss:2  | Noticed an angel
  9729 | Abyss:2  | Slain by a thrashing horror

Vault maps used:
D:1:      lightli_arrival_windingriver
D:2:      serial_undead, serial_undead_b, serial_undead_a, serial_undead_a,
          serial_undead_e, serial_undead_e, serial_undead_f, uniq_robin
D:3:      lightli_sewer_entry_pipes, first_bread, lemuel_tele_altar
D:4:      uniq_menkaure, uniq_duvessa
D:5:      grunt_dithmenos_smoke, nicolae_ossuary_entry_monument, serial_shops,
          nicolae_shop_trees, grunt_qazlal_sundering, uniq_crazy_yiuf_cottage
D:6:      minitemple, minmay_temple_entry_hall, serial_shops,
          nicolae_shop_waterfront
D:8:      boulder_corridor_run, grunt_temple_overflow_open,
          minmay_lair_entry_grove, serial_shops, kennysheep_mini, shop_statue,
          nicolae_shop_stone, hangedman_tree_tricks, grunt_decor_fettered
D:9:      kennysheep_blocky_room
D:10:     david_orc_4, serial_shops, shop, uniq_psyche
Temple:   circular_temple_12
Sewer:    sewer_frog_island_02
Ossuary:  ossuary_zaba_flooded

Skill      XL: |  1  2  3  4  5  6  7  8  9 10 11 |
---------------+----------------------------------+-----
Fighting       | 4 5 6 7 8 9 |  9.5
Dodging        | 3 4 5 6 7 9 |  9.0
Stealth        | 3 4 5 |  5.1
Unarmed Combat | 5 6 8 9 11 12 | 12.2
Armour         | 1 2 3 4 5 |  5.9
Invocations    | 1 |  1.9
Throwing       | 1 |  1.5

Action                   |  1- 3 |  4- 6 |  7- 9 | 10-12 || total
-------------------------+-------+-------+-------+-------++-------
Melee: Unarmed           |    84 |   256 |   488 |   368 ||  1196
Throw: Tomahawk          |       |     3 |     3 |    22 ||    28
Invok: Upheaval          |       |       |     2 |       ||     2
       Elemental Force   |       |       |       |     1 ||     1
Evoke: Wand              |       |       |       |     1 ||     1
  Use: Potion            |       |       |     4 |    12 ||    16
       Scroll            |       |       |    13 |     3 ||    16
 Stab: Sleeping          |     7 |     8 |     2 |       ||    17
       Invisible         |       |       |     2 |       ||     2
  Eat: Chunk             |     9 |    28 |    35 |    49 ||   121
       Beef jerky        |       |       |       |     1 ||     1
